 Dungeon Crawl Stone Soup version 0.28-a0-1518-gbe868bca14 (webtiles) character file.

Game seed: 7070150114802638447

81244 sanka the Thaumaturge (level 15, -1/121 HPs)
             Began as a Gnoll Conjurer on Jan 16, 2022.
             Was an Elder of Ashenzari.
             Killed from afar by Frances (37 damage)
             ... with an iron shot
             ... on level 13 of the Dungeon.
             The game lasted 01:18:12 (32847 turns).

sanka the Thaumaturge (Gnoll Conjurer)             Turns: 32847, Time: 01:18:13

Health: -1/121     AC: 13    Str:  7    XL:     15   Next: 69%
Magic:  32/32      EV: 18    Int: 29    God:    Ashenzari [****..]
Gold:   1239       SH:  0    Dex: 13    Spells: 2/40 levels left

rFire   + . .      SeeInvis +   B - +3 great sword of Ashenzari's Heresy {freeze, Comp, Fort} (curse)
rCold   + . .      Faith    .   (shield currently unavailable)
rNeg    + + .      Spirit   .   s - +0 robe of the Lashed Pleiades {rN+, Bglg, Cun} (curse)
rPois   +          Reflect  .   Z - +2 helmet
rElec   .          Harm     .   r - +2 ratskin cloak {*Rats rPois rN+ Str-1 Int-1 Dex+1, Elem, Evo} (curse)
rCorr   .          Rampage  .   F - +0 pair of gloves "Cursed Together" {Bglg, Melee} (curse)
Will    ++...      Clarity  +   J - +0 pair of boots "Restrained Relativism" {Self, Bglg} (curse)
Stlth   +++++.....              I - amulet of regeneration
HPRegen 1.10/turn               p - ring of the Circus Animal {Wiz rF+ rC+ Will+ Dex+2}
MPRegen 0.23/turn               l - +6 ring of intelligence

@: no status effects
A: fangs 1, strong nose, distributed training
a: Renounce Religion, Curse Item, Shatter the Chains


You were on level 13 of the Dungeon.
You worshipped Ashenzari.
Ashenzari was greatly pleased with you.
You visited 4 branches of the dungeon, and saw 22 of its levels.
You visited the Abyss 1 time.
You also visited: Sewer, Ossuary and Gauntlet.

You collected 1656 gold pieces.
You spent 417 gold pieces at shops.


Innate Abilities, Weirdness & Mutations

You have very sharp teeth.
Your uncanny sense of smell can sniff out nearby items.
Your experience applies equally to all skills.


   Skills:
 + Level 10.3(12.2) Fighting
 + Level 10.3(12.2) Short Blades
 + Level 10.3(12.2) Long Blades
 + Level 10.3(12.2) Axes
 + Level 10.3(12.2) Maces & Flails
 + Level 10.3(12.2) Polearms
 + Level 10.3(12.2) Staves
 + Level 10.3 Slings
 + Level 10.3 Bows
 + Level 10.3 Crossbows
 + Level 10.3 Throwing
 + Level 10.3(12.2) Armour
 + Level 11.3(13.2) Dodging
 + Level 11.1(13.0) Stealth
 + Level 10.3(12.2) Shields
 + Level 10.3(12.2) Unarmed Combat
 + Level 11.4(13.3) Spellcasting
 + Level 11.2(15.0) Conjurations
 + Level 8.6(12.5) Hexes
 + Level 8.6(10.6) Summonings
 + Level 8.6(10.6) Necromancy
 + Level 8.6(12.5) Translocations
 + Level 8.6 Transmutations
 + Level 8.6(10.6) Fire Magic
 + Level 8.6(10.6) Ice Magic
 + Level 8.6(10.6) Air Magic
 + Level 8.6(10.6) Earth Magic
 + Level 8.6 Poison Magic
 + Level 11.2 Invocations
 + Level 10.3(12.2) Evocations


You had 2 spell levels left.
You knew the following spells:

 Your Spells              Type           Power      Damage    Failure   Level
a - Ozocubu's Armour      Ice            69%        N/A       1%          3
c - Stone Arrow           Conj/Erth      100%       3d13      1%          3
v - Summon Mana Viper     Hex/Summ       72%        N/A       1%          5
x - Searing Ray           Conj           100%       2d8       0%          2
y - Iron Shot             Conj/Erth      38%        9d8       1%          6
z - Magic Dart            Conj           100%       1d8       0%          1
C - Spellforged Servitor  Conj/Summ      38%        N/A       4%          7
N - Passwall              Tmut/Erth      55%        N/A       1%          2
X - Freezing Cloud        Conj/Ice/Air   37%        6-21      1%          5
Z - Fulminant Prism       Conj/Hex       39%        3d18      1%          4

Your spell library contained the following spells:

 Spells                   Type           Power      Damage    Failure   Level
 Blink                    Tloc           100%       N/A       0%          2
 Static Discharge         Conj/Air       76%        N/A       0%          2
 Sandblast                Erth           100%       2d20      1%          1
 Corpse Rot               Necr/Air       100%       N/A       1%          2
 Poisonous Vapours        Pois/Air       100%       N/A       1%          2
 Dazzling Flash           Conj/Hex       100%       N/A       1%          3
 Ignite Poison            Fire/Tmut/Pois 65%        N/A       1%          3
 Lesser Beckoning         Tloc           75%        N/A       1%          3
 Mephitic Cloud           Conj/Pois/Air  72%        N/A       1%          3
 Iskenderun's Mystic Bla  Conj/Tloc      79%        2d16      1%          4
 Olgreb's Toxic Radiance  Pois           62%        N/A       1%          4
 Summon Ice Beast         Ice/Summ       69%        N/A       1%          4
 Alistair's Intoxication  Tmut/Pois      41%        N/A       1%          5
 Borgnjor's Vile Clutch   Necr/Erth      34%        N/A       1%          5
 Iskenderun's Battlesphe  Conj           82%        2d13      1%          5
 Lightning Bolt           Conj/Air       38%        1d56      1%          5
 Manifold Assault         Tloc           75%        N/A       1%          5
 Eringya's Noxious Bog    Tmut/Pois      31%        N/A       4%          6
 Monstrous Menagerie      Summ           34%        N/A       12%         7
 Ozocubu's Refrigeration  Ice            34%        4d11      12%         7
 Ignition                 Fire           34%        3d11      61%         8
 Maxwell's Capacitive Co  Air            34%        ∞         61%         8

Inventory:

Hand Weapons
 e - a +1 double sword of flaming
 B - the cursed +3 great sword of Ashenzari's Heresy (weapon) {freeze, Comp, Fort}

   It freezes those it strikes, dealing additional cold damage.
   It can also slow down cold-blooded creatures.
   It has a curse which improves the following skills: Companions: Summonings
   and Necromancy.
   Fortitude: Armour and Shields.
Missiles
 u - 4 curare-tipped darts {=f}
 K - 5 silver javelins
Armour
 r - the cursed +2 ratskin cloak (worn) {*Rats rPois rN+ Str-1 Int-1 Dex+1, Elem, Evo} When the wearer is hurt, rats may emerge from it to assist them. Str: It affects your strength (-1). Int: It affects your intelligence (-1). Dex: It affects your dexterity (+1). rPois: It protects you from poison. rN: It protects you from negative energy. It has a curse which improves the following skills: Elements: Fire Magic, Ice Magic, Air Magic and Earth Magic. Evocations: Evocations.
 s - the cursed +0 robe of the Lashed Pleiades (worn) {rN+, Bglg, Cun} rN: It protects you from negative energy. It has a curse which improves the following skills: Beguiling: Conjurations, Hexes and Translocations. Cunning: Dodging and Stealth.
 z - the +0 pair of gloves of Beogh's Envy {+Inv Str+4 Stlth-}

   Str:       It affects your strength (+4).
   +Inv:      It lets you turn invisible.
   Stlth:     It makes you less stealthy.
 A - a +2 robe of willpower
 F - the cursed +0 pair of gloves "Cursed Together" (worn) {Bglg, Melee}

   It has a curse which improves the following skills: Beguiling: Conjurations,
   Hexes and Translocations.
   Melee Combat: Short Blades, Long Blades, Axes, Maces & Flails, Polearms,
   Staves and Unarmed Combat.
 J - the cursed +0 pair of boots "Restrained Relativism" (worn) {Self, Bglg}

   It has a curse which improves the following skills: Introspection: Fighting
   and Spellcasting.
   Beguiling: Conjurations, Hexes and Translocations.
 Z - a +2 helmet (worn)
Jewellery
 f - the ring of Gozag's Condemnation {rPois rC++ rN+ Will- AC+4}

   [ring of protection]

   AC:        It affects your AC (+4).
   rC:        It greatly protects you from cold.
   rPois:     It protects you from poison.
   rN:        It protects you from negative energy.
   Will:      It decreases your willpower.
 l - a +6 ring of intelligence (right hand)
 p - the ring of the Circus Animal (left hand) {Wiz rF+ rC+ Will+ Dex+2}

   [ring of wizardry]

   It improves your spell success rate.
   Dex:       It affects your dexterity (+2).
   rF:        It protects you from fire.
   rC:        It protects you from cold.
   Will:      It increases your willpower.
 I - an amulet of regeneration (around neck)
 L - a +4 ring of protection
Wands
 j - a wand of charming (4)
 q - a wand of polymorph (19)
 y - a wand of mindburst (37)
 C - a wand of digging (7)
 E - a wand of flame (58)
 N - a wand of iceblast (7)
Scrolls
 a - 3 scrolls of fog
 c - 6 scrolls of vulnerability {!r}
 g - 4 scrolls of immolation {!r}
 n - 10 scrolls of teleportation {@r4}
 x - a scroll of torment {!r}
 G - a scroll of blinking
 H - a scroll of summoning
 T - a scroll of fear
 U - a scroll of magic mapping
 V - 2 scrolls of amnesia
 X - 5 scrolls of enchant armour
 Y - 4 scrolls of enchant weapon
Potions
 b - 2 potions of resistance
 d - 2 potions of magic
 h - 6 potions of flight
 i - 5 potions of mutation {!q}
 m - 4 potions of cancellation
 o - 2 potions of invisibility
 t - 2 potions of brilliance
 v - 8 potions of curing {@q1}
 D - 2 potions of lignification {!q}
 Q - 4 potions of attraction {!q}
 S - 2 potions of haste {@q3}
Miscellaneous
 k - a box of beasts
 M - a condenser vane

Dungeon Overview and Level Annotations

Branches:
Dungeon (13/15)            Temple (1/1) D:5            Lair (6/6) D:8
  Swamp (0/4) Lair:3        Snake (0/4) Lair:3        Slime (0/5) Lair:5
    Orc (2/2) D:11            Elf (0/3) Orc:2         Sewer (visited)
Ossuary (visited)         Gauntlet (visited)
 Vaults: D:13-14

Altars:
Ashenzari
Cheibriados
Dithmenos
Elyvilon
Fedhas
Gozag
Hepliaklqana
Kikubaaqudgha
Makhleb
Nemelex Xobeh
Okawaru
Qazlal
Ru
Sif Muna
Trog
Uskayaw
Vehumet
Wu Jian
Xom
Yredelemnul
Zin
The Shining One

Shops:
D:4 ?   D:6 ?   Orc:2 [**(

Portals:
Trove: D:10 (give 6 scrolls of fog)

Annotations:
D:6 1 transporter, Crownlay's ghost, novice MiGl
D:13 Frances

,,, ▒.... ▒▒▒▒▒▒▒'▒▒..▒ , ░
▒....▒.........▒..▒ ░ ,, ,░
▒....▒.........▒..▒ ░ ,,
▒....▒.........'..▒ ░ .
▒....▒▒▒▒▒▒▒▒▒▒▒..▒▒▒ ,
░▒.▒▒▒▒.................▒▒▒
,
▒.........................
░░
▒.......4.................
, ,
.......r@g....▒▒▒▒▒▒▒▒▒▒..
, ,
,.......▒▒▒▒▒..▒........▒.▒
,, ,
......▒▒▒▒▒▒..'........▒<▒
,, ....(. ▒..▒........▒.▒
,,,..... ▒..▒▒▒▒▒▒▒▒▒▒.▒ ░░
,....., ▒.............▒
▒▒▒▒ ░ ▒.............▒ ░ ,
▒▒▒▒▒▒▒▒▒▒▒▒▒▒▒ ░░,░


You could see Frances (fast, ally target), a hellwing (summoned) and a friendly
river rat.


Message History

The hellwing hits you but does no damage.
You closely miss Frances.
Frances is almost dead.
Frances barely misses you. The hellwing closely misses you.
The hellwing closely misses you.
Frances mutters in a terrible tongue.
The shard of ice hits you!! You partially resist.
* * * LOW HITPOINT WARNING * * *
A river rat scurries out from under your cloak.
Aiming: Mindburst
Aim: Frances, wielding a +0 battleaxe and wearing a +0 chain mail (almost dead, fast, ally target, chance to affect: 34%)
Okay, then.
Your river rat completely misses the hellwing.
Frances mutters in a terrible tongue.
The shard of ice hits you!! You partially resist.
* * * LOW HITPOINT WARNING * * *
Frances misses you.
Unknown command.
Magic courses through your body. Frances hits you but does no damage.
Frances hits your river rat with a +0 battleaxe!
The hellwing hits you.
* * * LOW HITPOINT WARNING * * *
The hellwing misses you.
Frances whispers indecipherable words.
The iron shot hits you!!!
You die...

Action                   |  1- 3 |  4- 6 |  7- 9 | 10-12 | 13-15 || total
-------------------------+-------+-------+-------+-------+-------++-------
Melee: Flail             |       |     1 |    17 |       |       ||    18
       Great sword       |       |       |    19 |   112 |   298 ||   429
       Bite              |       |       |       |    15 |    39 ||    54
Throw: Dart              |       |       |       |     1 |       ||     1
 Cast: Magic Dart        |    66 |   102 |    62 |    35 |    15 ||   280
       Searing Ray       |       |     5 |    16 |     8 |       ||    29
       Stone Arrow       |       |       |    57 |   302 |   181 ||   540
       Fulminant Prism   |       |       |       |     3 |       ||     3
       Summon Mana Viper |       |       |       |     1 |       ||     1
       Freezing Cloud    |       |       |       |     2 |    62 ||    64
       Iron Shot         |       |       |       |       |   163 ||   163
       Spellforged Servi |       |       |       |       |     1 ||     1
Invok: Curse Item        |       |       |     1 |     4 |     1 ||     6
       Shatter the Chain |       |       |       |       |     1 ||     1
Evoke: Wand              |       |       |       |     7 |     1 ||     8
  Use: Scroll            |       |     4 |     2 |       |     1 ||     7
       Potion            |       |       |       |     1 |     3 ||     4
Armor: Robe              |       |     4 |    38 |   122 |   234 ||   398
Dodge: Dodged            |     4 |    11 |    73 |   192 |   470 ||   750

Levels and vault maps discovered:
D:1:      matt_arrival_grand_opening, layout_loops_cross, basic_ecumenical_altar
D:2:      layout_basic, minmay_crystal_room
D:3:      minmay_wonky_spiral, layout_basic, kennysheep_generic_room_6
D:4:      layout_basic, serial_shops, nicolae_inconvenience_store
D:5:      layout_loops_cross, minmay_temple_entry_statues_pillars, serial_bayou,
          serial_bayou_shore_a, serial_bayou_pond_d, serial_bayou_lake_a,
          serial_bayou_ford_a, serial_bayou_shore_b,
          cheibrodos_sewer_entry_sluice
D:6:      layout_cave_pools, serial_shops, nicolae_shop_waterfront,
          gammafunk_ghost_smash
D:7:      layout_layer_cave, tso_altar, chequers_mini_garden, st_stairs_13
D:8:      lemuel_ice_spiral_2, layout_basic, david_lair_shrubbed,
          nicolae_ossuary_entry_giza, uniq_maurice
D:9:      layout_basic, serial_bayou_lagoon_a, uniq_grum, uniq_joseph
D:10:     minmay_opposing_rooms, layout_basic, nicolae_trove_entry_crossroad
D:11:     layout_cross, erik_orc_3, uniq_nergalle, uniq_erolcha
D:12:     layout_loops_ring, uniq_nessos
D:13:     layout_irregular_city, skrybe_vaults_entry_preservation, drop_trap,
          uniq_frances, uniq_urug
Temple:   mainiacjoe_temple_archimedes_tessellation
Lair:1:   layout_chaotic_city, basic_altar, uniq_fannar, uniq_sonja
Lair:2:   layout_long_grid, kennysheep_rathole, grunt_megastairs_2
Lair:3:   layout_small_grid, palyth_hydra_swamp_entry,
          minmay_snake_entry_guardpost_medium, grunt_megastairs_3,
          lemuel_fruit_fields
Lair:4:   layout_regular_city
Lair:5:   layout_layer_cave, minmay_slime_entry_oklob_open,
          gauntlet_entry_generic, minivault_27, uniq_kirke
Lair:6:   cheibrodos_lair_end_hotspot, layout_regular_city,
          infiniplex_staircase_pool, serial_bayou_shore_b
Orc:1:    layout_caves
Orc:2:    grunt_orc_tribal_feast, layout_caves, portal_ice_cave_entry_imps,
          nicolae_orc_crystal_geode

Notes
Turn   | Place    | Note
-------+----------+-------------------------------------------
     0 | D:1      | sanka the Gnoll Conjurer began the quest for the Orb.
     0 | D:1      | Reached XP level 1. HP: 13/13 MP: 6/6
   165 | D:1      | Found a faded altar of an unknown god.
   257 | D:1      | Reached XP level 2. HP: 19/19 MP: 5/7
   746 | D:1      | Reached XP level 3. HP: 25/25 MP: 6/9
   879 | D:1      | Reached skill level 5 in Spellcasting
  1140 | D:2      | Learned a level 2 spell: Searing Ray
  1163 | D:2      | Reached skill level 1 in Invocations
  1374 | D:2      | Reached skill level 1 in Fighting
  1374 | D:2      | Reached skill level 1 in Short Blades
  1374 | D:2      | Reached skill level 1 in Long Blades
  1374 | D:2      | Reached skill level 1 in Axes
  1374 | D:2      | Reached skill level 1 in Maces & Flails
  1374 | D:2      | Reached skill level 1 in Polearms
  1374 | D:2      | Reached skill level 1 in Staves
  1374 | D:2      | Reached skill level 1 in Slings
  1374 | D:2      | Reached skill level 1 in Bows
  1374 | D:2      | Reached skill level 1 in Crossbows
  1374 | D:2      | Reached skill level 1 in Throwing
  1374 | D:2      | Reached skill level 1 in Armour
  1374 | D:2      | Reached skill level 1 in Shields
  1374 | D:2      | Reached skill level 1 in Unarmed Combat
  1374 | D:2      | Reached skill level 1 in Evocations
  1731 | D:2      | Reached XP level 4. HP: 32/32 MP: 8/11
  2542 | D:3      | Reached skill level 1 in Hexes
  2542 | D:3      | Reached skill level 1 in Summonings
  2542 | D:3      | Reached skill level 1 in Necromancy
  2542 | D:3      | Reached skill level 1 in Translocations
  2542 | D:3      | Reached skill level 1 in Transmutations
  2542 | D:3      | Reached skill level 1 in Fire Magic
  2542 | D:3      | Reached skill level 1 in Ice Magic
  2542 | D:3      | Reached skill level 1 in Air Magic
  2542 | D:3      | Reached skill level 1 in Earth Magic
  2542 | D:3      | Reached skill level 1 in Poison Magic
  2872 | D:3      | Reached XP level 5. HP: 37/37 MP: 8/12
  3506 | D:4      | Found the +2 ratskin cloak {*Rats rPois rN+ Str-1 Int-1
                  | Dex+1}
  3665 | D:4      | Reached skill level 2 in Invocations
  3665 | D:4      | Reached XP level 6. HP: 44/44 MP: 8/13
  3770 | D:4      | Noticed a two-headed ogre
  3863 | D:4      | Reached skill level 2 in Fighting
  3863 | D:4      | Reached skill level 2 in Short Blades
  3863 | D:4      | Reached skill level 2 in Long Blades
  3863 | D:4      | Reached skill level 2 in Axes
  3863 | D:4      | Reached skill level 2 in Maces & Flails
  3863 | D:4      | Reached skill level 2 in Polearms
  3863 | D:4      | Reached skill level 2 in Staves
  3863 | D:4      | Reached skill level 2 in Slings
  3863 | D:4      | Reached skill level 2 in Bows
  3863 | D:4      | Reached skill level 2 in Crossbows
  3863 | D:4      | Reached skill level 2 in Throwing
  3863 | D:4      | Reached skill level 2 in Armour
  3863 | D:4      | Reached skill level 5 in Dodging
  3863 | D:4      | Reached skill level 2 in Shields
  3863 | D:4      | Reached skill level 2 in Unarmed Combat
  3863 | D:4      | Reached skill level 2 in Evocations
  4018 | D:4      | Found Toockaics's Magic Scroll Shop.
  4121 | D:4      | Identified the +0 robe of Wonder {rN+}
  4211 | D:4      | Bought a scroll of identify for 28 gold pieces
  4211 | D:4      | Bought a scroll of teleportation for 42 gold pieces
  4211 | D:4      | Bought a scroll of fog for 28 gold pieces
  4778 | D:5      | Entered Level 5 of the Dungeon
  4865 | D:5      | Noticed a necrophage
  4882 | D:5      | Killed a necrophage
  4883 | D:5      | Reached XP level 7. HP: 51/51 MP: 9/15
  4928 | D:5      | Reached skill level 2 in Hexes
  4928 | D:5      | Reached skill level 2 in Summonings
  4928 | D:5      | Reached skill level 2 in Necromancy
  4928 | D:5      | Reached skill level 2 in Translocations
  4928 | D:5      | Reached skill level 2 in Transmutations
  4928 | D:5      | Reached skill level 2 in Fire Magic
  4928 | D:5      | Reached skill level 2 in Ice Magic
  4928 | D:5      | Reached skill level 2 in Air Magic
  4928 | D:5      | Reached skill level 2 in Earth Magic
  4928 | D:5      | Reached skill level 2 in Poison Magic
  4964 | D:5      | Found a staircase to the Ecumenical Temple.
  5005 | D:5      | Found a glowing drain.
  5043 | D:5      | Reached skill level 5 in Stealth
  5052 | Temple   | Entered the Ecumenical Temple
  5135 | Sewer    | Entered a sewer
  5462 | Sewer    | Reached skill level 3 in Invocations
  5580 | Sewer    | Found a white marble altar of Elyvilon.
  5895 | Temple   | Became a worshipper of Ashenzari the Shackled
  5962 | D:5      | Reached XP level 8. HP: 54/57 MP: 4/16
  6144 | D:5      | Reached skill level 3 in Fighting
  6144 | D:5      | Reached skill level 3 in Short Blades
  6144 | D:5      | Reached skill level 3 in Long Blades
  6144 | D:5      | Reached skill level 3 in Axes
  6144 | D:5      | Reached skill level 3 in Maces & Flails
  6144 | D:5      | Reached skill level 3 in Polearms
  6144 | D:5      | Reached skill level 3 in Staves
  6144 | D:5      | Reached skill level 3 in Slings
  6144 | D:5      | Reached skill level 3 in Bows
  6144 | D:5      | Reached skill level 3 in Crossbows
  6144 | D:5      | Reached skill level 3 in Throwing
  6144 | D:5      | Reached skill level 3 in Armour
  6144 | D:5      | Reached skill level 3 in Shields
  6144 | D:5      | Reached skill level 3 in Unarmed Combat
  6144 | D:5      | Reached skill level 3 in Evocations
  6566 | D:5      | Reached skill level 6 in Spellcasting
  6612 | D:5      | Learned a level 2 spell: Passwall
  6616 | D:5      | Learned a level 3 spell: Stone Arrow
  7356 | D:9      | Reached skill level 3 in Hexes
  7356 | D:9      | Reached skill level 3 in Summonings
  7356 | D:9      | Reached skill level 3 in Necromancy
  7356 | D:9      | Reached skill level 3 in Translocations
  7356 | D:9      | Reached skill level 3 in Transmutations
  7356 | D:9      | Reached skill level 3 in Fire Magic
  7356 | D:9      | Reached skill level 3 in Ice Magic
  7356 | D:9      | Reached skill level 3 in Air Magic
  7356 | D:9      | Reached skill level 3 in Earth Magic
  7356 | D:9      | Reached skill level 3 in Poison Magic
  7356 | D:9      | Reached skill level 4 in Invocations
  7489 | D:9      | Reached skill level 6 in Dodging
  7570 | D:9      | Reached XP level 9. HP: 65/65 MP: 12/19
  7684 | D:9      | Reached skill level 4 in Fighting
  7684 | D:9      | Reached skill level 4 in Short Blades
  7684 | D:9      | Reached skill level 4 in Long Blades
  7684 | D:9      | Reached skill level 4 in Axes
  7684 | D:9      | Reached skill level 4 in Maces & Flails
  7684 | D:9      | Reached skill level 4 in Polearms
  7684 | D:9      | Reached skill level 4 in Staves
  7684 | D:9      | Reached skill level 4 in Slings
  7684 | D:9      | Reached skill level 4 in Bows
  7684 | D:9      | Reached skill level 4 in Crossbows
  7684 | D:9      | Reached skill level 4 in Throwing
  7684 | D:9      | Reached skill level 4 in Armour
  7684 | D:9      | Reached skill level 4 in Shields
  7684 | D:9      | Reached skill level 4 in Unarmed Combat
  7684 | D:9      | Reached skill level 4 in Evocations
  8149 | D:9      | Reached skill level 6 in Stealth
  8149 | D:9      | Reached skill level 8 in Conjurations
  8222 | D:9      | Noticed Grum
  8222 | D:9      | Noticed Joseph
  8362 | D:9      | Noticed a two-headed ogre
  8551 | D:8      | Reached skill level 5 in Invocations
  8681 | D:8      | Found a sand-covered staircase.
  8719 | Ossuary  | Entered an ossuary
  8751 | Ossuary  | Reached skill level 7 in Spellcasting
  9010 | Ossuary  | Reached XP level 10. HP: 68/74 MP: 21/21
  9035 | Ossuary  | Reached skill level 4 in Hexes
  9035 | Ossuary  | Reached skill level 4 in Summonings
  9035 | Ossuary  | Reached skill level 4 in Necromancy
  9035 | Ossuary  | Reached skill level 4 in Translocations
  9035 | Ossuary  | Reached skill level 4 in Transmutations
  9035 | Ossuary  | Reached skill level 4 in Fire Magic
  9035 | Ossuary  | Reached skill level 4 in Ice Magic
  9035 | Ossuary  | Reached skill level 4 in Air Magic
  9035 | Ossuary  | Reached skill level 4 in Earth Magic
  9035 | Ossuary  | Reached skill level 4 in Poison Magic
  9136 | D:8      | Learned a level 4 spell: Fulminant Prism
  9435 | D:7      | Reached skill level 5 in Fighting
  9435 | D:7      | Reached skill level 5 in Short Blades
  9435 | D:7      | Reached skill level 5 in Long Blades
  9435 | D:7      | Reached skill level 5 in Axes
  9435 | D:7      | Reached skill level 5 in Maces & Flails
  9435 | D:7      | Reached skill level 5 in Polearms
  9435 | D:7      | Reached skill level 5 in Staves
  9435 | D:7      | Reached skill level 5 in Slings
  9435 | D:7      | Reached skill level 5 in Bows
  9435 | D:7      | Reached skill level 5 in Crossbows
  9435 | D:7      | Reached skill level 5 in Throwing
  9435 | D:7      | Reached skill level 5 in Armour
  9435 | D:7      | Reached skill level 5 in Shields
  9435 | D:7      | Reached skill level 5 in Unarmed Combat
  9435 | D:7      | Reached skill level 5 in Evocations
  9889 | D:7      | Reached skill level 7 in Dodging
 10185 | D:6      | Reached * piety under Ashenzari
 10185 | D:6      | Identified 2 potions of resistance
 10422 | D:6      | Reached ** piety under Ashenzari
 10555 | D:6      | Identified the +5 great mace of Popular Demand {protect,
                  | rPois rC- rCorr Dex+2}
 10557 | D:6      | Found a transporter.
 10559 | D:6      | Found Tueshusch's Magic Scroll Boutique.
 10559 | D:6      | Noticed Crownlay's ghost (novice MiGl)
 10573 | D:6      | Bought a scroll of blinking for 105 gold pieces
 10573 | D:6      | Bought a scroll of summoning for 133 gold pieces
 11097 | D:7      | Found a glowing golden altar of the Shining One.
 11224 | D:7      | Reached *** piety under Ashenzari
 12169 | D:7      | Reached **** piety under Ashenzari
 12220 | D:8      | Reached skill level 6 in Invocations
 12222 | D:8      | Noticed Maurice
 12228 | D:8      | Killed Maurice
 12229 | D:8      | Reached skill level 7 in Stealth
 13027 | D:8      | Found a staircase to the Lair.
 13256 | D:4      | Killed a two-headed ogre
 13257 | D:4      | Reached XP level 11. HP: 87/87 MP: 11/25
 13439 | D:9      | Killed Grum
 13444 | D:9      | Killed Joseph
 13445 | D:9      | Reached skill level 6 in Fighting
 13445 | D:9      | Reached skill level 6 in Short Blades
 13445 | D:9      | Reached skill level 6 in Long Blades
 13445 | D:9      | Reached skill level 6 in Axes
 13445 | D:9      | Reached skill level 6 in Maces & Flails
 13445 | D:9      | Reached skill level 6 in Polearms
 13445 | D:9      | Reached skill level 6 in Staves
 13445 | D:9      | Reached skill level 6 in Slings
 13445 | D:9      | Reached skill level 6 in Bows
 13445 | D:9      | Reached skill level 6 in Crossbows
 13445 | D:9      | Reached skill level 6 in Throwing
 13445 | D:9      | Reached skill level 6 in Armour
 13445 | D:9      | Reached skill level 6 in Shields
 13445 | D:9      | Reached skill level 6 in Unarmed Combat
 13445 | D:9      | Reached skill level 5 in Hexes
 13445 | D:9      | Reached skill level 5 in Summonings
 13445 | D:9      | Reached skill level 5 in Necromancy
 13445 | D:9      | Reached skill level 5 in Translocations
 13445 | D:9      | Reached skill level 5 in Transmutations
 13445 | D:9      | Reached skill level 5 in Fire Magic
 13445 | D:9      | Reached skill level 5 in Ice Magic
 13445 | D:9      | Reached skill level 5 in Air Magic
 13445 | D:9      | Reached skill level 5 in Earth Magic
 13445 | D:9      | Reached skill level 5 in Poison Magic
 13445 | D:9      | Reached skill level 6 in Evocations
 13651 | D:9      | Learned a level 5 spell: Freezing Cloud
 13765 | D:9      | Reached skill level 8 in Spellcasting
 13945 | D:9      | Killed a two-headed ogre
 14401 | D:10     | Entered Level 10 of the Dungeon
 14556 | D:10     | Found a portal to a secret trove of treasure.
 14652 | D:10     | Noticed a cyclops
 14673 | D:10     | Killed a cyclops
 14834 | D:10     | Reached skill level 9 in Conjurations
 14834 | D:10     | Reached skill level 7 in Invocations
 14896 | D:10     | Identified the +4 flail of Fear {distort, Str+6}
 14966 | D:10     | Reached skill level 8 in Dodging
 15370 | D:11     | Learned a level 5 spell: Summon Mana Viper
 15435 | D:11     | Found a staircase to the Orcish Mines.
 15442 | D:11     | Noticed Erolcha
 15463 | D:11     | Cast into level 1 of the Abyss (Erolcha)
 15504 | Abyss:1  | Found a corrupted altar of Lugonu.
 15548 | Abyss:1  | Noticed a starcursed mass
 15558 | Abyss:1  | Killed a starcursed mass
 15558 | Abyss:1  | Noticed a salamander
 15566 | Abyss:1  | Noticed a large abomination
 15569 | Abyss:1  | a salamander changed into a black mamba
 15570 | Abyss:1  | Noticed a large abomination
 15589 | D:11     | Escaped the Abyss
 15597 | D:11     | Killed Erolcha
 15597 | D:11     | Noticed a harpy
 15597 | D:11     | a black mamba changed into a harpy
 15598 | D:11     | Reached skill level 8 in Stealth
 15603 | D:11     | Killed a harpy
 15765 | D:11     | Reached XP level 12. HP: 97/97 MP: 20/27
 15766 | D:11     | Noticed a five-headed hydra
 15793 | D:11     | Killed a five-headed hydra
 15935 | D:11     | Noticed Nergalle
 15944 | D:11     | Killed Nergalle
 15945 | D:11     | Reached skill level 7 in Fighting
 15945 | D:11     | Reached skill level 7 in Short Blades
 15945 | D:11     | Reached skill level 7 in Long Blades
 15945 | D:11     | Reached skill level 7 in Axes
 15945 | D:11     | Reached skill level 7 in Maces & Flails
 15945 | D:11     | Reached skill level 7 in Polearms
 15945 | D:11     | Reached skill level 7 in Staves
 15945 | D:11     | Reached skill level 7 in Slings
 15945 | D:11     | Reached skill level 7 in Bows
 15945 | D:11     | Reached skill level 7 in Crossbows
 15945 | D:11     | Reached skill level 7 in Throwing
 15945 | D:11     | Reached skill level 7 in Armour
 15945 | D:11     | Reached skill level 7 in Shields
 15945 | D:11     | Reached skill level 7 in Unarmed Combat
 15945 | D:11     | Reached skill level 7 in Evocations
 16246 | D:11     | Noticed a two-headed ogre
 16251 | D:11     | Killed a two-headed ogre
 16420 | D:11     | Noticed a two-headed ogre
 16424 | D:11     | Killed a two-headed ogre
 16425 | D:11     | Reached skill level 6 in Hexes
 16425 | D:11     | Reached skill level 6 in Summonings
 16425 | D:11     | Reached skill level 6 in Necromancy
 16425 | D:11     | Reached skill level 6 in Translocations
 16425 | D:11     | Reached skill level 6 in Transmutations
 16425 | D:11     | Reached skill level 6 in Fire Magic
 16425 | D:11     | Reached skill level 6 in Ice Magic
 16425 | D:11     | Reached skill level 6 in Air Magic
 16425 | D:11     | Reached skill level 6 in Earth Magic
 16425 | D:11     | Reached skill level 6 in Poison Magic
 16641 | D:11     | Reached skill level 8 in Invocations
 16749 | D:11     | Reached skill level 9 in Spellcasting
 17070 | Lair:1   | Entered Level 1 of the Lair of Beasts
 17240 | Lair:1   | Identified the +0 ring mail of Sif Muna's Hatred {Dex+4}
 17423 | Lair:1   | Noticed Sonja
 17428 | Lair:1   | Killed Sonja
 17727 | Lair:1   | Noticed Fannar
 17750 | Lair:1   | Killed Fannar
 17751 | Lair:1   | Reached skill level 9 in Dodging
 18173 | Lair:1   | Found a stormy altar of Qazlal.
 18573 | Lair:2   | Reached skill level 9 in Stealth
 18573 | Lair:2   | Reached XP level 13. HP: 105/105 MP: 12/29
 18917 | Lair:2   | Reached skill level 8 in Fighting
 18917 | Lair:2   | Reached skill level 8 in Short Blades
 18917 | Lair:2   | Reached skill level 8 in Long Blades
 18917 | Lair:2   | Reached skill level 8 in Axes
 18917 | Lair:2   | Reached skill level 8 in Maces & Flails
 18917 | Lair:2   | Reached skill level 8 in Polearms
 18917 | Lair:2   | Reached skill level 8 in Staves
 18917 | Lair:2   | Reached skill level 8 in Slings
 18917 | Lair:2   | Reached skill level 8 in Bows
 18917 | Lair:2   | Reached skill level 8 in Crossbows
 18917 | Lair:2   | Reached skill level 8 in Throwing
 18917 | Lair:2   | Reached skill level 8 in Armour
 18917 | Lair:2   | Reached skill level 8 in Shields
 18917 | Lair:2   | Reached skill level 8 in Unarmed Combat
 18917 | Lair:2   | Reached skill level 8 in Evocations
 19762 | Lair:2   | Reached skill level 9 in Invocations
 20044 | Lair:3   | Found a staircase to the Snake Pit.
 20219 | Lair:3   | Reached skill level 10 in Conjurations
 20586 | Lair:3   | Reached skill level 7 in Hexes
 20586 | Lair:3   | Reached skill level 7 in Summonings
 20586 | Lair:3   | Reached skill level 7 in Necromancy
 20586 | Lair:3   | Reached skill level 7 in Translocations
 20586 | Lair:3   | Reached skill level 7 in Transmutations
 20586 | Lair:3   | Reached skill level 7 in Fire Magic
 20586 | Lair:3   | Reached skill level 7 in Ice Magic
 20586 | Lair:3   | Reached skill level 7 in Air Magic
 20586 | Lair:3   | Reached skill level 7 in Earth Magic
 20586 | Lair:3   | Reached skill level 7 in Poison Magic
 21262 | Lair:3   | Found a staircase to the Swamp.
 21477 | Lair:4   | Reached skill level 10 in Spellcasting
 22085 | Lair:4   | Reached skill level 10 in Dodging
 22171 | Lair:4   | Reached XP level 14. HP: 96/114 MP: 21/31
 22558 | Lair:4   | Learned a level 3 spell: Ozocubu's Armour
 22707 | Lair:4   | Reached skill level 9 in Fighting
 22707 | Lair:4   | Reached skill level 9 in Short Blades
 22707 | Lair:4   | Reached skill level 9 in Long Blades
 22707 | Lair:4   | Reached skill level 9 in Axes
 22707 | Lair:4   | Reached skill level 9 in Maces & Flails
 22707 | Lair:4   | Reached skill level 9 in Polearms
 22707 | Lair:4   | Reached skill level 9 in Staves
 22707 | Lair:4   | Reached skill level 9 in Slings
 22707 | Lair:4   | Reached skill level 9 in Bows
 22707 | Lair:4   | Reached skill level 9 in Crossbows
 22707 | Lair:4   | Reached skill level 9 in Throwing
 22707 | Lair:4   | Reached skill level 9 in Armour
 22707 | Lair:4   | Reached skill level 9 in Shields
 22707 | Lair:4   | Reached skill level 9 in Unarmed Combat
 22707 | Lair:4   | Reached skill level 9 in Evocations
 23166 | Lair:5   | Found a gate leading to a gauntlet.
 23182 | Gauntlet | Entered a Gauntlet
 23182 | Gauntlet | Found a transporter.
 23182 | Gauntlet | Found a transporter.
 23183 | Gauntlet | Found a transporter.
 23186 | Gauntlet | Found a transporter.
 23186 | Gauntlet | Found a transporter.
 23186 | Gauntlet | Found a transporter.
 23196 | Gauntlet | Found a transporter.
 23200 | Gauntlet | Found a transporter.
 23210 | Gauntlet | Found a transporter.
 23311 | Gauntlet | Found a transporter.
 23311 | Gauntlet | Identified the ring of Gozag's Condemnation {rPois rC++ rN+
                  | Will- AC+4}
 23315 | Gauntlet | Found a transporter.
 23325 | Gauntlet | Found a transporter.
 23325 | Gauntlet | Identified the +0 pair of gloves of Beogh's Envy {+Inv
                  | Str+4 Stlth-}
 23411 | Gauntlet | Reached skill level 10 in Stealth
 23835 | Gauntlet | Learned a level 6 spell: Iron Shot
 23843 | Gauntlet | Learned a level 7 spell: Spellforged Servitor
 24060 | Lair:5   | Found a staircase to the Slime Pits.
 24066 | Lair:5   | Reached skill level 10 in Invocations
 24211 | Lair:5   | Noticed Kirke
 24227 | Lair:5   | Killed Kirke
 25690 | Lair:6   | Entered Level 6 of the Lair of Beasts
 26257 | Lair:6   | Reached skill level 8 in Hexes
 26257 | Lair:6   | Reached skill level 8 in Summonings
 26257 | Lair:6   | Reached skill level 8 in Necromancy
 26257 | Lair:6   | Reached skill level 8 in Translocations
 26257 | Lair:6   | Reached skill level 8 in Transmutations
 26257 | Lair:6   | Reached skill level 8 in Fire Magic
 26257 | Lair:6   | Reached skill level 8 in Ice Magic
 26257 | Lair:6   | Reached skill level 8 in Air Magic
 26257 | Lair:6   | Reached skill level 8 in Earth Magic
 26257 | Lair:6   | Reached skill level 8 in Poison Magic
 26763 | Lair:6   | Reached XP level 15. HP: 120/120 MP: 17/31
 27129 | Lair:6   | Reached skill level 11 in Spellcasting
 27742 | Lair:6   | Identified +0 steam dragon scales
 27850 | Lair:6   | Found a large runed translucent door.
 27851 | Lair:6   | Found a large runed translucent door.
 28163 | Lair:6   | Identified the ring of the Circus Animal {Wiz rF+ rC+ Will+
                  | Dex+2}
 28577 | Orc:1    | Entered Level 1 of the Orcish Mines
 29216 | Orc:2    | Entered Level 2 of the Orcish Mines
 29226 | Orc:2    | Noticed an orc warlord
 29387 | Orc:1    | Reached skill level 11 in Dodging
 29387 | Orc:1    | Reached skill level 11 in Conjurations
 29475 | D:11     | Killed an orc warlord
 29476 | D:11     | Reached skill level 10 in Fighting
 29476 | D:11     | Reached skill level 10 in Short Blades
 29476 | D:11     | Reached skill level 10 in Long Blades
 29476 | D:11     | Reached skill level 10 in Axes
 29476 | D:11     | Reached skill level 10 in Maces & Flails
 29476 | D:11     | Reached skill level 10 in Polearms
 29476 | D:11     | Reached skill level 10 in Staves
 29476 | D:11     | Reached skill level 10 in Slings
 29476 | D:11     | Reached skill level 10 in Bows
 29476 | D:11     | Reached skill level 10 in Crossbows
 29476 | D:11     | Reached skill level 10 in Throwing
 29476 | D:11     | Reached skill level 10 in Armour
 29476 | D:11     | Reached skill level 10 in Shields
 29476 | D:11     | Reached skill level 10 in Unarmed Combat
 29476 | D:11     | Reached skill level 10 in Evocations
 30014 | Orc:2    | Found a staircase to the Elven Halls.
 30026 | Orc:2    | Noticed an orc warlord
 30202 | Orc:1    | Killed an orc warlord
 30203 | Orc:1    | Reached skill level 11 in Invocations
 30884 | Orc:2    | Reached skill level 11 in Stealth
 31417 | Orc:2    | Found Gitaaf's Armour Boutique.
 31417 | Orc:2    | Found Jekhloy's Weapon Emporium.
 31422 | Orc:2    | Found Noats's Assorted Antiques.
 31422 | Orc:2    | Found Roreonewku's Assorted Antiques.
 31812 | Orc:2    | Bought a glowing robe for 81 gold pieces
 32202 | D:12     | Noticed Nessos
 32204 | D:12     | Killed Nessos
 32827 | D:13     | Noticed Frances
 32847 | D:13     | Killed from afar by Frances

Vanquished Creatures
  Kirke (Lair:5)
  2 orc warlords
  A starcursed mass (Abyss:1)
  Nessos (D:12)
  A fire dragon (Lair:6)
  11 hydras
  Fannar (Lair:1)
  Erolcha (D:11)
  A centaur warrior (D:13)
  A death scarab (Gauntlet)
  4 orc high priests (Orc:2)
  3 death yaks (Lair:6)
  4 two-headed ogres
  Nergalle (D:11)
  2 large abominations (Gauntlet)
  Sonja (Lair:1)
  2 skeletal warriors (D:11)
  A lindwurm (Lair:6)
  A harpy (shapeshifter) (D:11)
  5 orc knights
  5 orc sorcerers (Orc:2)
  3 oklob plants
  3 cyclopes
  17 elephants
  Joseph (D:9)
  6 black mambas
  Maurice (D:8)
  16 cane toads
  2 molten gargoyles (Lair:6)
  A torpor snail (Gauntlet)
  An unseen horror (shapeshifter) (D:10)
  A kobold demonologist (Abyss:1)
  An unseen horror (D:12)
  4 rime drakes
  21 komodo dragons
  4 trolls
  3 polar bears
  A slime creature (D:10)
  5 dream sheep (Lair:5)
  7 blink frogs
  A shadow (D:7)
  2 wraiths
  7 wyverns
  45 yaks
  Grum (D:9)
  3 basilisks
  2 hogs (Lair:5)
  3 steam dragons
  4 swamp worms (Lair:3)
  5 nagas (Lair:3)
  8 wargs
  3 hell hounds (Lair:6)
  A spectral cane toad (Gauntlet)
  An acid dragon (D:10)
  16 water moccasins
  2 sky beasts
  23 orc warriors
  A black bear (D:5)
  A necrophage (D:5)
  A black bear (shapeshifter) (D:10)
  20 wolves
  6 ogres
  5 centaurs
  A phantom (D:4)
  3 kobold brigands
  2 gnoll sergeants (D:8)
  13 bullfrogs
  2 scorpions (D:6)
  2 water moccasin skeletons
  15 killer bees
  A howler monkey (D:5)
  22 wights
  4 small abominations
  5 lava snakes (Lair:6)
  A bullfrog zombie (D:6)
  7 centaur zombies
  A hound (D:4)
  A jelly (D:7)
  A gnoll shaman (D:7)
  A human zombie (Ossuary)
  22 orc priests
  A centaur skeleton (D:4)
  2 iguanas
  29 orc wizards
  2 hell rats (Lair:2)
  A killer bee zombie (D:7)
  A hound skeleton (D:4)
  6 mummies
  7 adders
  16 gnolls
  A howler monkey skeleton (D:6)
  7 river rats (Lair:2)
  A shadow imp (D:6)
  13 white imps
  An ufetubus (D:3)
  2 worms (D:5)
  70 orcs
  6 ball pythons
  6 endoplasms
  6 giant cockroaches
  4 goblins
  8 hobgoblins
  2 jackals (Sewer)
  4 quokkas
  7 bats
  2 frilled lizards
  2 gnoll zombies (Ossuary)
  A goblin zombie (D:8)
  19 kobolds
  3 kobold zombies (Ossuary)
  13 rats
656 creatures vanquished.

Vanquished Creatures (collateral kills)
  A minotaur (Gauntlet)
  A skeletal warrior (D:11)
  A steam dragon (Lair:6)
  A black bear (Lair:1)
  An orc warrior (Orc:1)
  A wolf (D:9)
  A small abomination (Abyss:1)
  A water moccasin zombie (D:5)
  A worm (D:4)
9 creatures vanquished.

Vanquished Creatures (others)
  3 humans (Lair:5)
  An orc wizard (D:5)
  3 fulminant prisms
  41 fungi
  153 plants
  21 withered plants (Gauntlet)
222 creatures vanquished.

Grand Total: 887 creatures vanquished
